 Dungeon Crawl Stone Soup version 0.20.1-1-g8b1a95d (webtiles) character file.

23149 letownia2 the Cleaver (level 12, -2/104 HPs)
             Began as a Deep Dwarf Necromancer on Nov 7, 2017.
             Was an Initiate of Gozag.
             Slain by a sun demon (10 damage)
             ... summoned by an orc high priest
             ... on level 2 of the Orcish Mines.
             The game lasted 00:47:21 (16903 turns).

letownia2 the Cleaver (Deep Dwarf Necromancer)     Turns: 16903, Time: 00:47:22

Health: -2/104     AC: 14    Str: 14    XL:     12   Next: 69%
Magic:  12/24      EV: 13    Int: 23    God:    Gozag
Gold:   1033       SH:  0    Dex: 13    Spells: 24/28 levels left

rFire    . . .     SeeInvis .   a - +3 battleaxe "Hydra's Peril" {speed, Int+6 Stlth-}
rCold    . . .     Gourm    .   (shield currently unavailable)
rNeg     . . .     Faith    .   F - +1 ring mail {rPois}
rPois    +         Spirit   .   x - +1 helmet
rElec    .         Reflect  .   N - +1 cloak
rCorr    .         Harm     .   (no gloves)
MR       +....                  L - +1 pair of boots
Stlth    ..........             O - amulet of rage
Regen    0.0/turn               (no ring)
MPRegen  0.2/turn               K - ring of flight

@: non-regenerating
A: damage resistance, heal wounds, dopey 1, sense surroundings 2, screaming 1,
no regeneration
a: Heal Wounds, Potion Petition, Call Merchant, Bribe Branch, Renounce Religion,
Evoke Berserk Rage, Evoke Flight


You were on level 2 of the Orcish Mines.
You worshipped Gozag.
Gozag was most pleased with you.
You were not hungry.

You visited 4 branches of the dungeon, and saw 17 of its levels.
You also visited: Bailey.

You collected 3984 gold pieces.
You spent 333 gold pieces at shops.
You paid 2618 gold pieces to Gozag.

Inventory:

Hand Weapons
 a - the +3 battleaxe "Hydra's Peril" (weapon) {speed, Int+6 Stlth-}
   (You bought it in a shop on level 10 of the Dungeon)

   Attacks with this weapon are significantly faster.
   It affects your intelligence (+6).
   It makes you less stealthy.
 b - the +8 flail of Imbalance {freeze, rElec MR- SInv}
   (You found it on level 5 of the Dungeon)

   It has been specially enchanted to freeze those struck by it, causing extra
   injury to most foes and up to half again as much damage against particularly
   susceptible opponents.
   It can also slow down cold-blooded creatures.
   It insulates you from electricity.
   It affects your resistance to hostile enchantments.
   It lets you see invisible.
 y - a +0 battleaxe
 J - a +2 quarterstaff of chaos
 R - a +0 bardiche
 V - a +2 hand axe of electrocution
Missiles
 h - 5 throwing nets (quivered)
 l - 8 poisoned tomahawks
Armour
 d - a +0 scale mail
 x - a +1 helmet (worn)
 F - a +1 ring mail of poison resistance (worn)
 L - a +1 pair of boots (worn)
 N - a +1 cloak (worn)
 T - a +3 plate armour
Jewellery
 w - an uncursed ring of resist corrosion {unknown}
 K - a ring of flight (right hand)
 O - an amulet of rage (around neck)
 W - an uncursed ring of ice
Wands
 f - a wand of lightning (6/15)
 j - a wand of lightning (6/15)
 C - a wand of polymorph (6/24)
 Q - a wand of disintegration (9/24)
 S - a wand of scattershot (7/9)
Scrolls
 e - 4 scrolls of remove curse
 i - 6 scrolls of identify
 k - 4 scrolls of fog
 n - 8 scrolls of teleportation
 q - a scroll of enchant armour
 r - a scroll of immolation
 s - 3 scrolls of fear
 A - a scroll of noise {unknown}
 I - 2 scrolls of recharging
 U - a scroll of holy word
 Z - a scroll of enchant weapon {unknown}
Potions
 g - 2 potions of mutation
 m - 3 potions of magic {unknown}
 o - 4 potions of haste {unknown}
 p - 5 potions of curing {unknown}
 t - 4 potions of heal wounds
 u - a potion of lignification {unknown}
 v - 2 potions of might
 z - a potion of flight
 B - a potion of invisibility
Miscellaneous
 H - 2 boxes of beasts
 P - a lamp of fire
Comestibles
 c - 4 bread rations


   Skills:
 + Level 5.7 Fighting
 + Level 12.9 Axes
 - Level 5.5 Armour
 - Level 5.4 Dodging
 - Level 2.4 Stealth
 - Level 8.9 Spellcasting
 + Level 12.0 Necromancy
 - Level 5.1 Evocations


You had 24 spell levels left.
You knew the following spells:

 Your Spells              Type           Power        Failure   Level  Hunger
a - Pain                  Necr           ####         1%          1    None
v - Vampiric Draining     Necr           ######....   1%          3    None


Dungeon Overview and Level Annotations

Branches:
Dungeon (11/15)            Temple (1/1) D:7            Lair (3/6) D:9
    Orc (2/2) D:11            Elf (0/3) Orc:2
  Swamp: Lair:2-4    Shoals: Lair:2-4     Snake: Lair:2-4    Spider: Lair:2-4

Altars:
Dithmenos
Elyvilon
Gozag
Kikubaaqudgha
Nemelex Xobeh
Okawaru
Ru
Sif Muna
Trog
Vehumet
Xom
Yredelemnul
Zin
The Shining One

Shops:
D:4 ?   D:5 =   D:9 *   D:10 (   Orc:2 ?*   Lair:2 [

Annotations:
D:4 letownia2's ghost, weakling DDNe


Innate Abilities, Weirdness & Mutations

You are resistant to damage.
You can heal yourself by infusing magical energy.
You passively map the area around you.
You do not regenerate.
You are dopey. (Int -2)
You occasionally shout uncontrollably at your foes.


Message History

You slash the sun demon!
The sun demon is heavily wounded.
You slash the sun demon!
The sun demon is almost dead.
The sun demon hits you!
You are engulfed in flames!
You barely miss the sun demon.
The sun demon is almost dead.
The sun demon hits you!
You are engulfed in flames!
* * * LOW HITPOINT WARNING * * *
You closely miss the sun demon.
The sun demon is almost dead.
The sun demon hits you but does no damage.
Unknown command.
You hit the sun demon.
The sun demon is almost dead.
The sun demon hits you!
* * * LOW HITPOINT WARNING * * *
You are engulfed in flames!
You die...
Your body crumbles into a pile of gold.

.#.....[..........)..............
......#.......(..(..)............
.....#......##[..#...)...........
...........###[(###..............
#.......#####[.#####.............
#..##.### ##..###.###............
...#...# ##..###...###...........
..#....###.(###.#3# *##..........
.###..###..###..@#...###.........
## #####.[###...###...###........
##..###...## #...###.......
##..[.[...## *#...###......
##....#...## , #o.. ##.....
##...#....## * #.#, ##...#
##∩.#.....##,,* 3o ###..
#.....#..## ,, ∩ * , ##..
##∩.#.....##,, ,.. #...


You could see a sun demon.

Vanquished Creatures
  An ettin (Orc:2)
  Harold (D:10)
  2 two-headed ogres
  An orc high priest (Orc:2)
  The ghost of Folque the Destroyer, a novice OpWz of Sif Muna (Bailey)
  2 orc knights (Orc:2)
  Maurice (D:11)
  An elephant (D:9)
  A black mamba (Lair:2)
  A gargoyle (D:9)
  3 spiny frogs
  2 komodo dragons (Lair:1)
  2 orange demons (Orc:2)
  2 red devils (Orc:2)
  2 trolls
  3 hippogriffs
  A wyvern (Lair:2)
  12 yaks
  A wraith (D:10)
  A basilisk (D:9)
  2 hungry ghosts (D:11)
  A chaos spawn (Orc:2)
  2 neqoxecs (Orc:2)
  Menkaure (D:4)
  4 wargs
  Duvessa (D:5)
  4 water moccasins
  A swamp drake (D:11)
  3 porcupines
  20 orc warriors
  2 sky beasts
  An ice beast (D:11)
  5 black bears
  3 phantoms
  4 wolves (Lair:3)
  A boggart (Bailey)
  9 ogres
  3 centaurs
  6 crocodiles
  2 big kobolds
  6 bullfrogs
  7 gnoll sergeants (Bailey)
  A wyvern zombie (D:10)
  2 wyvern skeletons
  Dowan (D:5)
  8 scorpions
  8 wights
  5 howler monkeys
  An electric eel (Lair:2)
  3 crimson imps
  A centaur zombie (D:7)
  2 bullfrog zombies
  5 hounds
  3 jellies
  Crazy Yiuf (D:5)
  21 orc priests
  7 gnoll shamans
  7 iguanas
  19 orc wizards
  12 worker ants
  A hound zombie (D:3)
  A hound skeleton (D:5)
  A worker ant zombie (D:6)
  26 gnolls
  9 adders
  3 shadow imps
  2 oozes
  An adder skeleton (D:7)
  A worm (D:3)
  2 dart slugs
  10 leopard geckos
  80 orcs
  8 bats
  6 giant cockroaches
  7 hobgoblins
  8 jackals (D:2)
  15 kobolds
  6 quokkas
  5 ball pythons
  7 frilled lizards
  13 goblins
  A jackal skeleton (D:7)
  8 rats
  A fungus (Lair:2)
458 creatures vanquished.

Vanquished Creatures (others)
  2 orcs
2 creatures vanquished.

Grand Total: 460 creatures vanquished

Notes
Turn   | Place    | Note
-------+----------+-------------------------------------------
     0 | D:1      | letownia2 the Deep Dwarf Necromancer began the quest for the Orb.
     0 | D:1      | Reached XP level 1. HP: 15/15 MP: 3/3
   362 | D:1      | Reached XP level 2. HP: 22/22 MP: 5/5
   385 | D:2      | Reached skill level 5 in Necromancy
   612 | D:2      | Reached XP level 3. HP: 28/28 MP: 6/6
   617 | D:2      | Learned a level 3 spell: Vampiric Draining
   630 | D:2      | Reached skill level 1 in Armour
   898 | D:3      | Reached XP level 4. HP: 37/37 MP: 5/7
  1172 | D:4      | Noticed a phantom
  1181 | D:4      | Killed a phantom
  1181 | D:4      | Reached skill level 1 in Axes
  1181 | D:4      | Reached XP level 5. HP: 40/43 MP: 8/8
  1280 | D:4      | Noticed letownia2's ghost (weakling DDNe)
  1614 | D:4      | Noticed Menkaure
  1619 | D:4      | Killed Menkaure
  1619 | D:4      | Reached skill level 1 in Fighting
  1619 | D:4      | Reached XP level 6. HP: 24/51 MP: 9/9
  1821 | D:4      | Found Xoramiwk's Magic Scroll Shop.
  2189 | D:5      | Entered Level 5 of the Dungeon
  2308 | D:5      | Got a crystal flail
  2309 | D:5      | Identified the +8 flail of Imbalance {freeze, rElec MR- SInv} (You found it on level 5 of the Dungeon)
  2352 | D:5      | Reached XP level 7. HP: 53/57 MP: 11/11
  2484 | D:5      | Found Titol's Jewellery Shoppe.
  2503 | D:5      | Noticed Duvessa
  2503 | D:5      | Noticed Dowan
  2526 | D:5      | Killed Dowan
  2528 | D:5      | Killed Duvessa
  2566 | D:5      | Found a sparkling altar of Nemelex Xobeh.
  2989 | D:5      | Found a runed door.
  3015 | D:6      | Found a radiant altar of Vehumet.
  3158 | D:6      | Reached XP level 8. HP: 55/64 MP: 10/14
  3832 | D:7      | Reached skill level 5 in Spellcasting
  3907 | D:7      | Found a staircase to the Ecumenical Temple.
  3913 | Temple   | Entered the Ecumenical Temple
  3963 | Temple   | Became a worshipper of Gozag Ym Sagoz the Greedy
  4353 | D:7      | Gained mutation: You passively map the area around you. [Deep Dwarf growth]
  4353 | D:7      | Reached XP level 9. HP: 35/74 MP: 10/17
  4532 | D:5      | Noticed Crazy Yiuf
  4535 | D:5      | Killed Crazy Yiuf
  5721 | D:2      | Found a faded altar of an unknown god.
  6556 | D:8      | Noticed a two-headed ogre
  6573 | D:8      | Killed a two-headed ogre
  7083 | D:8      | Found a sacrificial altar of Ru.
  7094 | D:8      | Found an ancient bone altar of Kikubaaqudgha.
  7499 | D:8      | Reached XP level 10. HP: 38/82 MP: 11/22
  7587 | D:8      | Reached skill level 5 in Axes
  7852 | D:9      | Found a flagged portal.
  7896 | D:9      | Reached skill level 1 in Evocations
  7921 | D:9      | Found a staircase to the Lair.
  7921 | D:9      | Noticed an elephant
  8079 | D:9      | Killed an elephant
  8079 | D:9      | Reached skill level 5 in Evocations
  8152 | D:9      | Found a glowing silver altar of Zin.
  8298 | D:9      | Noticed a gargoyle
  8314 | D:9      | Killed a gargoyle
  8452 | Bailey   | Entered a bailey
  8452 | Bailey   | Noticed Folque's ghost (novice OpWz)
  8465 | Bailey   | Killed Folque's ghost
  9755 | D:10     | Entered Level 10 of the Dungeon
  9802 | D:10     | Noticed Harold
  9946 | D:10     | Killed Harold
  9946 | D:10     | Reached skill level 10 in Axes
  9946 | D:10     | Reached XP level 11. HP: 64/88 MP: 9/23
 10745 | D:10     | Bought a translucent battleaxe for 333 gold pieces
 10745 | D:10     | Identified the +3 battleaxe "Hydra's Peril" {speed, Int+6 Stlth-} (You bought it in a shop on level 10 of the Dungeon)
 10850 | D:11     | Reached skill level 10 in Necromancy
 10891 | D:11     | Noticed a two-headed ogre
 10904 | D:11     | Killed a two-headed ogre
 10917 | D:11     | Noticed Maurice
 11041 | D:11     | Killed Maurice
 11914 | D:11     | Found a staircase to the Orcish Mines.
 11960 | Orc:1    | Entered Level 1 of the Orcish Mines
 12105 | Orc:2    | Entered Level 2 of the Orcish Mines
 12447 | Orc:2    | Found a staircase to the Elven Halls.
 12866 | Orc:2    | Found an iron altar of Okawaru.
 13325 | Orc:1    | Noticed a stone giant
 13553 | Lair:1   | Entered Level 1 of the Lair of Beasts
 13820 | Lair:1   | Identified the Guide on Dark Magic and Heat
 14047 | Lair:1   | Reached XP level 12. HP: 74/99 MP: 11/24
 15230 | Orc:2    | Gained mutation: You are dopey. (Int -2) [a neqoxec]
 15312 | Orc:2    | Noticed an ettin
 15397 | Orc:2    | Killed an ettin
 15456 | Orc:2    | Found Qiwn's Magic Scroll Boutique.
 15501 | Orc:2    | Found Ryoduquy's General Store.
 15597 | Orc:2    | Reached skill level 5 in Armour
 15633 | Orc:2    | Gained mutation: You occasionally shout uncontrollably at your foes. [a neqoxec]
 15776 | Orc:2    | Reached skill level 5 in Dodging
 15832 | Orc:2    | Reached skill level 5 in Fighting
 16028 | Lair:2   | Noticed a six-headed hydra
 16870 | Orc:2    | Noticed an orc high priest
 16885 | Orc:2    | Killed an orc high priest
 16886 | Orc:2    | Noticed an orc high priest
 16903 | Orc:2    | Slain by a sun demon

Skill      XL: |  1  2  3  4  5  6  7  8  9 10 11 12 |
---------------+-------------------------------------+-----
Spellcasting   | 2 4 5 8 |  8.9
Necromancy     | 5 6 8 9 11 12 | 12.0
Armour         | 1 2 3 4 5 |  5.5
Axes           | 1 2 3 4 10 12 | 12.9
Fighting       | 1 2 4 5 |  5.7
Evocations     | 5 |  5.1
Dodging        | 3 5 |  5.4
Stealth        | |  2.4

Action                   |  1- 3 |  4- 6 |  7- 9 | 10-12 || total
-------------------------+-------+-------+-------+-------++-------
Melee: Hand axe          |    30 |    32 |   260 |   191 ||   513
       Unarmed           |     1 |       |       |       ||     1
       Flail             |       |     8 |    35 |    20 ||    63
       Battleaxe         |       |       |       |   332 ||   332
Throw: Tomahawk          |       |     4 |     2 |     2 ||     8
       Throwing net      |       |       |       |     4 ||     4
 Cast: Pain              |    43 |    20 |    15 |     1 ||    79
       Vampiric Draining |       |    15 |    66 |   340 ||   421
Invok: Call Merchant     |       |       |       |     3 ||     3
 Abil: Evoke Berserk Rag |       |       |       |     3 ||     3
Evoke: Wand              |       |       |       |    16 ||    16
       Box of beasts     |       |       |       |     1 ||     1
       Lamp of fire      |       |       |       |     1 ||     1
  Use: Scroll            |       |       |     8 |    10 ||    18
       Potion            |       |       |       |     1 ||     1
 Stab: Sleeping          |       |     3 |     8 |     1 ||    12
       Distracted        |       |       |     2 |     1 ||     3
       Paralysed         |       |       |       |     5 ||     5
  Eat: Chunk             |     1 |     6 |     7 |       ||    14
       Fruit             |       |       |     4 |       ||     4
       Meat ration       |       |       |     2 |     3 ||     5
       Royal jelly       |       |       |     1 |     2 ||     3
       Bread ration      |       |       |       |     3 ||     3
Armor: Robe              |    11 |       |       |       ||    11
       Scale mail        |    27 |     9 |       |    39 ||    75
       Ring mail         |       |    10 |   142 |   254 ||   406
Dodge: Dodged            |    29 |    37 |   209 |   427 ||   702
